 Dungeon Crawl Stone Soup version 0.19.5 (webtiles) character file.

1892 JeffiDaFish the Covert (level 8, -1/36 HPs)
             Began as a Spriggan Conjurer on Nov 8, 2017.
             Was a Follower of Sif Muna.
             Shot with a sling bullet by Joseph (4 damage)
             ... on level 7 of the Dungeon on Nov 9, 2017.
             The game lasted 00:21:11 (7160 turns).

JeffiDaFish the Covert (Spriggan Conjurer)          Turns: 7160, Time: 00:21:12

Health: -1/36      AC:  6    Str:  4    XL:     8   Next: 93%
Magic:  1/19       EV: 23    Int: 17    God:    Sif Muna [*.....]
Gold:   442        SH:  0    Dex: 18    Spells: 5 memorised, 8 levels left

rFire  . . .     SeeInvis +     r - +3 dagger (protect)
rCold  . . .     Gourm    .     a - +2 robe
rNeg   . . .     Faith    .     (shield restricted)
rPois  .         Spirit   .     (helmet restricted)
rElec  .         Reflect  .     (no cloak)
rCorr  .         Harm     .     (gloves unavailable)
MR     +....                    (boots unavailable)
Stlth  +++++.....               (no amulet)
                                (no ring)
                                (no ring)

@: very slightly contaminated, hasted, very quick
A: unfitting armour, yellow scales 1, see invisible, herbivore 3, speed 3, frail
1, slow metabolism 2, subdued magic 1
a: Divine Energy, Renounce Religion


You were on level 7 of the Dungeon.
You worshipped Sif Muna.
Sif Muna was aware of your devotion.
You were hungry.

You visited 1 branch of the dungeon, and saw 7 of its levels.

You collected 442 gold pieces.

Inventory:

Hand Weapons
 r - a +3 dagger of protection (weapon)
Armour
 a - a +2 robe (worn)
Scrolls
 d - 9 scrolls of identify
 f - 2 scrolls of remove curse
 g - a scroll of enchant armour
 h - 3 scrolls of teleportation
 j - a scroll of blinking
 k - 4 scrolls of recharging
 m - a scroll of magic mapping
Potions
 e - 2 potions of might
 l - a potion of curing
 o - 2 potions of flight
 q - a potion of heal wounds
Books
 b - a book of Conjurations

   Spells                             Type                      Level
   a - Magic Dart                     Conjuration                  1
   b - Searing Ray                    Conjuration                  2
   c - Dazzling Spray                 Conjuration/Hexes            3
   d - Fulminant Prism                Conjuration/Hexes            4
   e - Iskenderun's Mystic Blast      Conjuration                  4
   f - Iskenderun's Battlesphere      Conjuration/Charms           5
 i - a book of Misfortune

   Spells                             Type                      Level
   a - Confusing Touch                Hexes                        1
   b - Confuse                        Hexes                        3
   c - Gell's Gravitas                Hexes/Translocation          3
   d - Petrify                        Transmutation/Earth          4
   e - Metabolic Englaciation         Hexes/Ice                    5
   f - Yara's Violent Unravelling     Hexes/Transmutation          5
 p - Vehumet's Volume of Conjuration
   (You found it on level 4 of the Dungeon)

   Spells                             Type                      Level
   a - Magic Dart                     Conjuration                  1
Comestibles
 c - 2 bread rations
 n - a slice of pizza


   Skills:
 + Level 3.2 Fighting
 + Level 5.1 Short Blades
 + Level 7.2 Dodging
 + Level 9.9 Stealth
 + Level 6.7 Spellcasting
 + Level 4.8 Conjurations
 + Level 4.0 Hexes
 + Level 2.2 Ice Magic


You had 8 spell levels left.
You knew the following spells:

 Your Spells              Type           Power        Failure   Level  Hunger
a - Magic Dart            Conj           ###.         1%          1    None
b - Dazzling Spray        Conj/Hex       ###...       6%          3    ##.....
c - Searing Ray           Conj           ###...       1%          2    None
d - Ensorcelled Hibernat  Hex/Ice        ##....       4%          2    None
e - Iskenderun's Mystic   Conj           ###.....     14%         4    ####...


Dungeon Overview and Level Annotations

Branches:
Dungeon (7/15)             Temple (0/1) D:7

Altars:
Ashenzari
Fedhas
Kikubaaqudgha
Makhleb
Okawaru
Sif Muna
Trog
Vehumet
Xom
Zin
The Shining One

Annotations:
D:7 Joseph


Innate Abilities, Weirdness & Mutations

You are very small and have problems with some larger weapons.
You are too small for most types of armour.
You have supernaturally acute eyesight. (SInv)
You are a herbivore.
You cover ground extremely quickly.
You need consume almost no food.
You are partially covered in yellow scales. (AC +2)
You are frail. (-10% HP)
Your spells are a little easier to cast, but a little less powerful.


Message History

Aiming: Dazzling Spray
Press: ? - help, Shift-Dir - straight line, f/p - Joseph
Aim: Joseph, wielding a quarterstaff and wearing a glowing ring mail The spray of energy hits Joseph.
Joseph is lightly wounded.
Casting: Dazzling Spray
Confirm with . or Enter, or press ? or * to list all spells.
You don't have enough magic to cast that spell.
Casting: Dazzling Spray
Confirm with . or Enter, or press ? or * to list all spells.
Aiming: Ensorcelled Hibernation
Press: ? - help, Shift-Dir - straight line, f/p - Joseph
Aim: Joseph, wielding a quarterstaff and wearing a glowing ring mail (lightly wounded, chance to defeat MR: 26%) Joseph resists with almost no effort.
Joseph hits you with a quarterstaff!
Joseph unwields an uncursed quarterstaff.
Joseph wields a glowing hunting sling.
It bursts into flame!
Joseph shoots a sling bullet.
The sling bullet hits you!
* * * LOW HITPOINT WARNING * * *
The sling bullet burns you.
You die...

.........# .#######.#
.# #.# .# #.#
.#######.############
....................#
########.#########.##
########.# #######.#
........># #....@..#
.#####.### #@#######
.# #.# #.# .# #.# ..#
.# #.# #### .# #.# .#
#.. .# ### ##


You could see Joseph.

Vanquished Creatures
  Pikel (D:5)
  An orc warrior (D:4)
  3 slaves (D:5)
  3 ogres
  A centaur (D:5)
  A water moccasin skeleton (D:4)
  A howler monkey (D:4)
  4 wights (D:5)
  3 crimson imps
  A jelly (D:5)
  An orc priest (D:4)
  A bullfrog skeleton (D:5)
  3 hounds
  5 orc wizards
  5 worker ants
  3 gnolls (D:3)
  9 adders
  A shadow imp (D:7)
  2 oozes
  An adder zombie (D:5)
  2 worms
  A dart slug (D:1)
  4 leopard geckos
  14 orcs
  3 ball pythons
  10 bats
  7 giant cockroaches
  7 goblins
  4 hobgoblins
  3 jackals (D:4)
  5 quokkas
  5 frilled lizards
  9 kobolds
  A quokka zombie (D:4)
  7 rats
132 creatures vanquished.

Notes
Turn   | Place    | Note
-------+----------+-------------------------------------------
     0 | D:1      | JeffiDaFish the Spriggan Conjurer began the quest for the Orb.
     0 | D:1      | Reached XP level 1. HP: 9/9 MP: 5/5
    84 | D:1      | Reached XP level 2. HP: 7/13 MP: 3/6
   564 | D:1      | Reached skill level 6 in Stealth
   564 | D:1      | Reached skill level 5 in Spellcasting
   564 | D:1      | Reached XP level 3. HP: 19/19 MP: 1/10
   780 | D:1      | Learned a level 3 spell: Dazzling Spray
   783 | D:1      | Learned a level 2 spell: Searing Ray
   917 | D:2      | Reached XP level 4. HP: 23/23 MP: 12/12
  1369 | D:2      | Found a glowing golden altar of the Shining One.
  1682 | D:2      | Found a shattered altar of Ashenzari.
  1902 | D:3      | Learned a level 2 spell: Ensorcelled Hibernation
  2116 | D:3      | Reached XP level 5. HP: 27/27 MP: 4/13
  2518 | D:3      | Reached skill level 7 in Stealth
  3234 | D:3      | Reached skill level 1 in Hexes
  3441 | D:3      | Reached skill level 1 in Ice Magic
  3458 | D:3      | Reached XP level 6. HP: 24/32 MP: 3/15
  3666 | D:4      | Learned a level 4 spell: Iskenderun's Mystic Blast
  3674 | D:4      | Noticed an orc warrior
  3706 | D:4      | Found a radiant altar of Vehumet.
  3706 | D:4      | Found an ancient bone altar of Kikubaaqudgha.
  3706 | D:4      | Found a deep blue altar of Sif Muna.
  3712 | D:4      | Identified Vehumet's Volume of Conjuration
  3726 | D:4      | Became a worshipper of Sif Muna the Loreminder
  4945 | D:4      | Reached XP level 7. HP: 35/35 MP: 10/17
  5333 | D:5      | Entered Level 5 of the Dungeon
  5341 | D:5      | Noticed Pikel
  5371 | D:5      | Killed Pikel
  5371 | D:5      | Reached skill level 8 in Stealth
  5371 | D:5      | Reached XP level 8. HP: 40/40 MP: 12/18
  5390 | D:5      | Found a glowing silver altar of Zin.
  5397 | D:5      | Found a blossoming altar of Fedhas.
  5409 | D:5      | Gained mutation: You are frail. (-10% HP) [potion of mutation]
  5409 | D:5      | Gained mutation: You are partially covered in yellow scales. (AC +2) [potion of mutation]
  5409 | D:5      | Gained mutation: Your spells are a little easier to cast, but a little less powerful. [potion of mutation]
  5823 | D:5      | Reached skill level 9 in Stealth
  6184 | D:6      | Reached * piety under Sif Muna
  6353 | D:6      | Found an iron altar of Okawaru.
  6521 | D:6      | Found a bloodstained altar of Trog.
  6759 | D:7      | Found a staircase to the Ecumenical Temple.
  6780 | D:7      | Reached skill level 5 in Short Blades
  6796 | D:7      | Found a shimmering altar of Xom.
  6797 | D:7      | Found a burning altar of Makhleb.
  7147 | D:7      | Noticed Joseph
  7160 | D:7      | Shot with a sling bullet by Joseph

Skill      XL: |  1  2  3  4  5  6  7  8 |
---------------+-------------------------+-----
Conjurations   | 3 4 |  4.8
Spellcasting   | 5 6 |  6.7
Fighting       | 2 3 |  3.2
Short Blades   | 3 4 5 |  5.1
Dodging        | 6 7 |  7.2
Stealth        | 6 7 8 9 |  9.9
Hexes          | 1 2 3 4 |  4.0
Ice Magic      | 1 2 |  2.2

Action                   |  1- 3 |  4- 6 |  7- 9 || total
-------------------------+-------+-------+-------++-------
Melee: Hand axe          |    11 |       |       ||    11
       Dagger            |    20 |   209 |   121 ||   350
 Cast: Magic Dart        |    27 |    25 |     5 ||    57
       Dazzling Spray    |       |    18 |     5 ||    23
       Ensorcelled Hiber |       |    38 |    26 ||    64
       Searing Ray       |       |     8 |     4 ||    12
       Iskenderun's Myst |       |     1 |     4 ||     5
  Use: Scroll            |     7 |     7 |     3 ||    17
       Potion            |     2 |     3 |     5 ||    10
 Stab: Sleeping          |     5 |    32 |    25 ||    62
       Invisible         |       |     5 |     2 ||     7
       Distracted        |       |     2 |     1 ||     3
  Eat: Bread ration      |       |     1 |       ||     1
Armor: Robe              |     5 |    10 |     5 ||    20
Dodge: Dodged            |    30 |   191 |    82 ||   303
